[Event "Team 45 45 League T78"]
[Site "Internet Chess Club"]
[Date "2018.10.06"]
[Round "3"]
[White "Packerfan"]
[Black "primerpaso"]
[Result "1-0"]
[WhiteElo "1720"]
[BlackElo "1843"]
[Opening "Sicilian: Alapin's variation (2.c3)"]
[ECO "B22"]
[Time "14:34:22"]
[TimeControl "2700+45"]

1. e4 c5 2. c3 d5 3. exd5 Qxd5 4. d4 Nf6 5. Nf3 Bg4 6. Be2 e6 7. O-O Be7 8. h3
Bh5 9. Be3 cxd4 10. Nxd4 Bxe2 11. Qxe2 O-O 12. Nd2 Nbd7 13. Nb5 Qe5 14. Nf3 Qb8
15. Rfd1 a6 16. Nbd4 Rd8 17. Nb3 b5 18. Rd3 Nd5 19. Rad1 Qc7 20. Bc1 N7b6 21.
Ne5 Nc4 22. Re1 Bf6 23. Ng4 Be7 24. Ne5 Bd6 25. Nf3 b4 26. cxb4 Nxb4 27. Rc3
Rac8 28. Nbd2 Nxa2 29. Rxc4 Qb7 30. Ne4 Bb4 31. Rxc8 Rxc8 32. Bd2 Rc2 33. Qd3
Qc7 34. Nc3 Rxb2 35. Nxa2 Bxd2 36. Nxd2 Rxa2 37. Qc4 Qxc4 38. Nxc4 Kf8 39. Re5
Ke7 40. Kf1 f6 41. Ra5 Rxa5 42. Nxa5 Kd6 43. Ke2 Kc5 44. Kd2 Kb5 45. Nb3 e5 46.
Kc3 h6 47. Nd2 Kc5 48. Nc4 Kd5 49. Nb6+ Kc6 50. Na4 Kd5 51. Kd3 f5 52. Nb6+ Ke6
53. f3 g5 54. g3 h5 55. Na4 Kd5 56. Nc3+ Ke6 57. Ke3 Kf6 58. Nd5+ Kg6 59. Nb4 a5
60. Nc6 a4 61. Nxe5+ Kf6 62. Nc4 Ke6 63. g4 fxg4 64. fxg4 hxg4 65. hxg4 Kf6 66.
Ke4 Ke6 67. Na3 {Black resigns} 1-0

[Event "Team 45 45 League T78"]
[Site "Internet Chess Club"]
[Date "2018.10.08"]
[Round "3"]
[White "kabindra"]
[Black "Gojira"]
[Result "1-0"]
[WhiteElo "1692"]
[BlackElo "1680"]
[Opening "Sicilian: Grand Prix attack"]
[ECO "B23"]
[Time "10:02:11"]
[TimeControl "2700+45"]

1. e4 c5 2. Nc3 Nc6 3. f4 g6 4. Nf3 Bg7 5. Bc4 e6 6. O-O d6 7. d3 Nge7 8. Qe1
O-O 9. f5 exf5 10. Qh4 Ne5 11. Nxe5 Bxe5 12. Bg5 Re8 13. Nd5 Kf8 14. Qxh7 Qd7
15. Bh6+ {Black resigns} 1-0

[Event "Team 45 45 League T78"]
[Site "Internet Chess Club"]
[Date "2018.10.07"]
[Round "3"]
[White "Bizzy-Ketty"]
[Black "QuieroAprender"]
[Result "0-1"]
[WhiteElo "1562"]
[BlackElo "1730"]
[Opening "Ruy Lopez: closed, Kholmov variation"]
[ECO "C92"]
[Time "17:14:52"]
[TimeControl "2700+45"]

1. e4 e5 2. Nf3 Nc6 3. Bb5 a6 4. Ba4 Nf6 5. O-O b5 6. Bb3 Be7 7. Re1 O-O 8. c3
d6 9. h3 Be6 10. Bc2 d5 11. exd5 Qxd5 12. Qe2 Qd7 13. Nxe5 Nxe5 14. Qxe5 Bd6 15.
Qe3 Nd5 16. Qe4 Nf6 17. Qf3 Rfe8 18. Rf1 Bd5 19. Qd1 Bc4 20. d3 Be6 21. Bg5 Bxh3
22. Bxf6 gxf6 23. Qf3 Bg4 24. Qxf6 Re6 25. Qh4 Rg6 26. d4 Be7 27. Qh2 Bd6 28.
Qh1 Bf5 29. Bxf5 Qxf5 30. Qh4 Qf3 31. Qh1 Qg4 32. g3 Re8 33. Qg2 Re2 34. b3 Bxg3
35. Na3 Qh4 36. Qa8+ Kg7 {White resigns} 0-1

[Event "Team 45 45 League T78"]
[Site "Internet Chess Club"]
[Date "2018.10.07"]
[Round "3"]
[White "Andressa"]
[Black "kutch"]
[Result "1/2-1/2"]
[WhiteElo "1374"]
[BlackElo "1525"]
[Opening "Giuoco Piano: four knights variation"]
[ECO "C46"]
[Time "19:05:58"]
[TimeControl "2700+45"]

1. e4 e5 2. Nf3 Nc6 3. Nc3 Bc5 4. Bc4 Nf6 5. O-O d6 6. a3 Bg4 7. h3 Bh5 8. Re1
Qd7 9. Be2 h6 10. d3 Ne7 11. Be3 Bxe3 12. fxe3 g5 13. Nh2 Bxe2 14. Qxe2 h5 15.
Rf1 Rh6 16. d4 O-O-O 17. dxe5 dxe5 18. Rad1 Qc6 19. Rxd8+ Kxd8 20. Rd1+ Kc8 21.
Qd3 Rh8 22. Qf1 Qe6 23. Rd2 g4 24. hxg4 Nxg4 25. Qf3 Nxh2 26. Kxh2 h4 27. Nd5
Nxd5 28. exd5 Qe7 29. Qf5+ Kb8 30. c4 Rg8 31. Rf2 Rg7 32. Qh5 Qg5 33. Qxg5 Rxg5
34. Rxf7 Kc8 35. Rh7 Rg3 36. e4 Rg4 37. Kh3 Rxe4 38. Rxh4 Re2 39. b4 Re3+ 40.
Kh2 Rxa3 41. Re4 Ra4 42. c5 a5 43. Rxe5 Rxb4 44. d6 cxd6 45. cxd6 b5 46. g4 Rxg4
47. Rxb5 Ra4 48. Kg3 Kd7 49. Rb6 Rd4 50. Ra6 Rd5 51. Kf4 Rxd6 52. Rxa5 {Game
drawn by mutual agreement} 1/2-1/2

[Event "Team 45 45 League T78"]
[Site "Internet Chess Club"]
[Date "2018.10.08"]
[Round "3"]
[White "idjit"]
[Black "fireball"]
[Result "0-1"]
[WhiteElo "1506"]
[BlackElo "1615"]
[Opening "French: MacCutcheon variation"]
[ECO "C12"]
[Time "20:03:59"]
[TimeControl "2700+45"]

1. e4 e6 2. d4 d5 3. Nc3 Nf6 4. Bg5 Bb4 5. exd5 exd5 6. Qd3 O-O 7. O-O-O Be7 8.
Nf3 Nc6 9. h4 Ng4 10. Bxe7 Nxe7 11. Ng5 Bf5 12. Qg3 f6 13. Nf3 c6 14. h5 Nh6 15.
Nh4 Be6 16. Bd3 Qd7 17. Ne2 Nef5 18. Qf4 Qd6 19. g4 Qxf4+ 20. Nxf4 Nxd4 21. Bf1
c5 22. Rxd4 cxd4 23. Nxe6 Rf7 24. Be2 Re7 25. Nxd4 Re4 26. Rd1 Rae8 27. Bf3 Re1
28. Kd2 Rxd1+ 29. Kxd1 Re5 30. Ndf5 Nxf5 31. Nxf5 g6 32. Bxd5+ {White resigns}
0-1

[Event "Team 45 45 League T78"]
[Site "Internet Chess Club"]
[Date "2018.10.07"]
[Round "3"]
[White "SuperPuzzler"]
[Black "noblitz-oblige"]
[Result "1-0"]
[WhiteElo "1383"]
[BlackElo "1501"]
[Opening "Ruy Lopez: Berlin defense, 4.O-O, d6"]
[ECO "C66"]
[Time "23:39:13"]
[TimeControl "2700+45"]

1. e4 e5 2. Nf3 Nc6 3. Bb5 Nf6 4. O-O d6 5. d3 h6 6. h3 Be7 7. Be3 O-O 8. Ba4
Be6 9. c3 a6 10. d4 exd4 11. cxd4 Bc4 12. Re1 Nxe4 13. d5 Ne5 14. Na3 b5 15.
Nxe5 dxe5 16. Nxc4 bxa4 17. Nxe5 Nf6 18. Nc6 Qd7 19. Bd4 Nxd5 20. Nxe7+ Nxe7 21.
Bc5 {Black resigns} 1-0

[Event "Team 45 45 League T78"]
[Site "Internet Chess Club"]
[Date "2018.10.07"]
[Round "3"]
[White "OGO"]
[Black "smsxman"]
[Result "0-1"]
[WhiteElo "1297"]
[BlackElo "1389"]
[Opening "Queen's pawn game"]
[ECO "E20"]
[Time "10:03:50"]
[TimeControl "2700+45"]

1. d4 e6 2. c4 Nf6 3. Nc3 Nc6 4. Bg5 Be7 5. e3 O-O 6. Nge2 d5 7. Ng3 a6 8. a3
dxc4 9. Bxc4 b5 10. Ba2 Bb7 11. O-O b4 12. axb4 Nxb4 13. Bc4 c5 14. Nce2 cxd4
15. Qxd4 Nfd5 16. Bxe7 Qxe7 17. Qg4 f5 18. Qh5 Qf7 19. Qxf7+ Rxf7 20. Rac1 Kf8
21. b3 g6 22. Nd4 Re7 23. e4 fxe4 24. Nxe4 Kg7 25. Rfe1 Rae8 26. Nd6 Rb8 27. g3
e5 28. Nxb7 Rbxb7 29. Nf3 e4 30. Rcd1 exf3 31. Rxe7+ Nxe7 32. Re1 {White
resigns} 0-1

[Event "Team 45 45 League T78"]
[Site "Internet Chess Club"]
[Date "2018.10.07"]
[Round "3"]
[White "tasawyer81"]
[Black "kingsrook"]
[Result "0-1"]
[WhiteElo "1197"]
[BlackElo "1157"]
[Opening "Queen's pawn, Mason variation"]
[ECO "D00"]
[Time "14:00:57"]
[TimeControl "2700+45"]

1. d4 d5 2. Bf4 Nf6 3. e3 c5 4. Nd2 Nc6 5. c3 e6 6. Ngf3 Bd6 7. Bg3 O-O 8. Bd3
b6 9. O-O Qc7 10. Rc1 e5 11. dxe5 Nxe5 12. Nxe5 Bxe5 13. Nf3 Bxg3 14. hxg3 Re8
15. Qe2 Bg4 16. Bb5 Re7 17. c4 d4 18. Qd2 Rd8 19. exd4 Bxf3 20. gxf3 Rxd4 21.
Qc2 Qb7 22. Kg2 Ng4 23. Rh1 g6 24. Rcd1 Ne5 25. Qc3 a6 26. Ba4 Rxc4 27. Rd8+ Kg7
28. Qe3 Rxa4 29. Qh6+ Kf6 30. Qf4+ {White resigns} 0-1

[Event "Team 45 45 League T78"]
[Site "Internet Chess Club"]
[Date "2018.10.09"]
[Round "3"]
[White "az2112"]
[Black "MathBandit"]
[Result "0-1"]
[WhiteElo "1479"]
[BlackElo "1520"]
[Opening "Torre attack (Tartakower variation)"]
[ECO "D03"]
[Time "10:00:29"]
[TimeControl "2700+45"]

1. d4 d5 2. Nf3 Nf6 3. Bg5 h6 4. Bh4 Bf5 5. e3 Nbd7 6. Nbd2 e6 7. Be2 c5 8. c3
Qb6 9. Qb3 Be7 10. O-O O-O 11. Ne5 Rfe8 12. Qxb6 Nxb6 13. dxc5 Na4 14. Bb5 Nxb2
15. Bxe8 Rxe8 16. c6 Bd6 17. Ndf3 b6 18. Bxf6 gxf6 19. Nd7 Kg7 20. Nd4 Bg6 21.
Nb5 Bc5 22. Nxa7 Nc4 23. c7 Nd6 24. Nxc5 bxc5 25. Rab1 Bxb1 26. Rxb1 Ra8 27. Nc6
Rc8 28. Na7 Rxc7 29. Nb5 Rb7 30. a4 f5 31. g3 Kf6 32. Kf1 Ke7 33. Ke2 Kd7 34.
Kd2 Kc6 35. Na3 Rxb1 36. Nxb1 Ne4+ {White resigns} 0-1

[Event "Team 45 45 League T78"]
[Site "Internet Chess Club"]
[Date "2018.10.04"]
[Round "3"]
[White "Chess4Him"]
[Black "joaoazm"]
[Result "1/2-1/2"]
[WhiteElo "1542"]
[BlackElo "1543"]
[Opening "Queen's bishop game"]
[ECO "D00"]
[Time "14:15:27"]
[TimeControl "2700+45"]

1. d4 d5 2. Bf4 Nf6 3. Nf3 Bg4 4. e3 e6 5. Bd3 Bd6 6. Bg3 Bxg3 7. hxg3 O-O 8.
Nbd2 Nc6 9. c3 e5 10. Be2 e4 11. Nh2 Bxe2 12. Qxe2 Qe7 13. Ng4 Nd7 14. Rh5 f5
15. Nh2 Qf7 16. Rh3 Nf6 17. O-O-O Qg6 18. f3 a5 19. fxe4 fxe4 20. Rf1 Nd7 21.
Rf4 Rxf4 22. gxf4 Nf6 23. g4 a4 24. g5 Qf5 25. Rg3 Nd7 26. Qg4 Ne7 27. Qh3 a3
28. b3 Ra6 29. Ng4 Rc6 30. Nb1 Kh8 31. Kd2 Ra6 {Game drawn by mutual agreement}
1/2-1/2

[Event "Team 45 45 League T78"]
[Site "Internet Chess Club"]
[Date "2018.10.04"]
[Round "3"]
[White "guyd52"]
[Black "chuckh2"]
[Result "0-1"]
[WhiteElo "1255"]
[BlackElo "1319"]
[Opening "Réti: King's Indian attack"]
[ECO "A08"]
[Time "19:01:02"]
[TimeControl "2700+45"]

1. Nf3 d5 2. g3 c5 3. Bg2 Nf6 4. d3 Nc6 5. O-O e6 6. Nbd2 Be7 7. Re1 O-O 8. b3
b5 9. e4 dxe4 10. Nxe4 a5 11. Bb2 Rb8 12. Nfd2 Nd4 13. c3 Nf5 14. a4 Qxd3 15.
Nxf6+ Bxf6 16. Ne4 Qxd1 17. Raxd1 bxa4 18. Nxf6+ gxf6 19. Ba3 axb3 20. Bxc5 a4
21. Bxf8 Kxf8 22. Ra1 b2 23. Rab1 a3 24. Be4 a2 25. Rbd1 a1=Q 26. Rxa1 bxa1=Q
27. Rxa1 Nd6 28. Bxh7 f5 29. Rd1 Rb6 30. c4 Rc6 31. c5 Nb7 32. Bxf5 exf5 33. Rd5
Ke7 34. h4 Ke6 35. Rd4 Nxc5 36. Rc4 Kf6 37. h5 Kg7 38. Rh4 Kh6 39. f3 Nd3 40.
Kf1 Rc2 41. g4 fxg4 42. fxg4 Bb7 43. g5+ Kxg5 44. h6 Rc8 45. Rh3 Be4 46. h7 Rh8
47. Rg3+ Kf4 48. Rg7 Bg6 49. Ke2 Ne5 50. Kf2 Ng4+ 51. Ke2 Nf6 52. Kf2 Kg5 53.
Kg3 Kh6 54. Rxf7 Bxf7 55. Kf4 Rxh7 56. Ke5 Kg5 57. Kd4 Kf4 58. Kd3 Rh5 59. Kd4
Ra5 60. Kd3 Bg6+ 61. Kd4 Be4 62. Kc4 Ke3 63. Kb4 Rd5 64. Kc4 Kd2 65. Kb4 Bd3 66.
Kb3 Rd4 67. Kb2 Rb4+ 68. Ka3 Nd5 69. Ka2 Kc3 70. Ka3 Nb6 71. Ka2 Ra4# {White
checkmated} 0-1

[Event "Team 45 45 League T78"]
[Site "Internet Chess Club"]
[Date "2018.10.05"]
[Round "3"]
[White "BrerRabbit"]
[Black "Conjurer"]
[Result "0-1"]
[WhiteElo "1344"]
[BlackElo "1271"]
[Opening "Queen's pawn"]
[ECO "A40"]
[Time "13:07:14"]
[TimeControl "2700+45"]

1. d4 e6 2. Bf4 Nf6 3. e3 d5 4. Nd2 c5 5. c3 Nc6 6. Ngf3 Bd6 7. Bg3 Bxg3 8. hxg3
O-O 9. Bd3 Re8 10. Ne5 g6 11. Qf3 Nxe5 12. dxe5 Nh5 13. Rxh5 gxh5 14. Qxh5 f5
15. exf6 Qxf6 16. Qxe8+ Kg7 17. Ke2 c4 18. Bc2 e5 19. Bxh7 Bg4+ 20. f3 Rxe8 21.
Rh1 Bf5 {White resigns} 0-1

[Event "Team 45 45 League T78"]
[Site "Internet Chess Club"]
[Date "2018.10.06"]
[Round "3"]
[White "PsyMar"]
[Black "seattleblues"]
[Result "0-1"]
[WhiteElo "1287"]
[BlackElo "1366"]
[Opening "Caro-Kann: Panov-Botvinnik attack, 5...e6"]
[ECO "B14"]
[Time "06:00:22"]
[TimeControl "2700+45"]

1. e4 c6 2. d4 d5 3. exd5 cxd5 4. c4 Nf6 5. Nc3 e6 6. Nf3 Nc6 7. cxd5 Nxd5 8.
Bb5 Bd7 9. O-O Bd6 10. Re1 O-O 11. Nxd5 exd5 12. Qc2 a6 13. Bxc6 bxc6 14. Ng5 g6
15. Qd3 Bf5 16. Qf3 Qd7 17. Nh3 Rae8 18. Bh6 Rxe1+ 19. Rxe1 Rb8 20. Qe3 Bxh3 21.
gxh3 Bf8 22. Bxf8 Kxf8 23. Qh6+ Kg8 24. h4 Qf5 25. Re5 Qg4+ 26. Kf1 Qxd4 27. Rg5
Qg7 28. Qxg7+ Kxg7 29. h5 Kh6 30. h4 Rxb2 31. hxg6 fxg6 32. f4 Rxa2 33. f5 gxf5
34. Rxf5 Kg6 35. Re5 d4 36. h5+ Kf6 37. Rc5 d3 38. Rxc6+ Kg5 39. Rc5+ Kh6 40.
Rd5 d2 41. Ke2 Rb2 42. Kd1 Ra2 43. Ke2 a5 44. Kd1 a4 45. Ra5 a3 46. Ke2 Rb2 47.
Rxa3 Kxh5 48. Rd3 Kg5 49. Rxd2 Rxd2+ 50. Kxd2 Kg4 51. Ke3 Kg3 52. Ke2 Kg2 53.
Ke3 h5 54. Kf4 h4 55. Kg4 h3 {White resigns} 0-1

[Event "Team 45 45 League T78"]
[Site "Internet Chess Club"]
[Date "2018.10.07"]
[Round "3"]
[White "Ticktockman"]
[Black "Just-Jim"]
[Result "0-1"]
[WhiteElo "1088"]
[BlackElo "1304"]
[Opening "Polish (Sokolsky) opening"]
[ECO "A00"]
[Time "17:01:09"]
[TimeControl "2700+45"]

1. b4 d5 2. Bb2 e6 3. e3 Nf6 4. c3 Bd7 5. d4 Be7 6. Nf3 a6 7. Nbd2 h6 8. g3 O-O
9. Bg2 Nc6 10. O-O Na7 11. a4 b6 12. Ne5 Nc6 13. Nxd7 Nxd7 14. b5 axb5 15. axb5
Rxa1 16. Qxa1 Na5 17. Ba3 Bxa3 18. Qxa3 Nf6 19. Nb3 Nc4 20. Qa7 Nd6 21. Qa6 Nfe4
22. Qa1 Nxb5 23. Bxe4 dxe4 24. Nd2 Nd6 25. Qb1 f5 26. f4 Nb5 27. c4 Nxd4 28.
exd4 Qxd4+ 29. Kh1 Qxd2 30. Rd1 Qe2 31. Qc1 Qf3+ 32. Kg1 e3 33. Rf1 Qe4 34. Re1
e2 35. Qd2 Qxc4 36. Rxe2 Qc5+ 37. Kg2 b5 38. Qa2 Qc6+ 39. Kh3 Qf3 40. Qxe6+ Kh7
41. Rg2 Qg4# {White checkmated} 0-1

[Event "Team 45 45 League T78"]
[Site "Internet Chess Club"]
[Date "2018.10.05"]
[Round "3"]
[White "pandaknight"]
[Black "WzeroMN"]
[Result "1-0"]
[WhiteElo "945"]
[BlackElo "984"]
[Opening "English: symmetrical variation"]
[ECO "A34"]
[Time "20:01:58"]
[TimeControl "2700+45"]

1. c4 c5 2. Nc3 e5 3. Nf3 Nc6 4. e3 Nf6 5. g3 Be7 6. Bg2 O-O 7. d3 d6 8. O-O a6
9. Rb1 Bg4 10. a3 b6 11. b4 Rb8 12. Qb3 Be6 13. Ng5 Bf5 14. Bxc6 Bxd3 15. Rd1
Bxb1 16. Qxb1 Qc7 17. Bd5 Nxd5 18. Qxh7# {Black checkmated} 1-0

[Event "Team 45 45 League T78"]
[Site "Internet Chess Club"]
[Date "2018.10.06"]
[Round "3"]
[White "bennywins"]
[Black "SeniorCitizen"]
[Result "1-0"]
[WhiteElo "1547"]
[BlackElo "1186"]
[Opening "French: advance, Paulsen attack"]
[ECO "C02"]
[Time "12:00:38"]
[TimeControl "2700+45"]

1. e4 e6 2. d4 d5 3. e5 c5 4. c3 Nc6 5. Nf3 Qb6 6. Be2 cxd4 7. cxd4 Bd7 8. O-O
Nge7 9. Nc3 Nf5 10. Na4 Qd8 11. Nc5 Bxc5 12. dxc5 O-O 13. g4 Nh4 14. Bf4 Qa5 15.
Nxh4 Qxc5 16. Rc1 Qb4 17. Qd2 Qxd2 18. Bxd2 Nxe5 19. h3 Rac8 20. Nf3 Nxf3+ 21.
Bxf3 Bc6 22. b4 Bb5 23. Rxc8 Rxc8 24. Rc1 Rxc1+ 25. Bxc1 a6 26. Bd1 f6 27. f3
Kf7 28. Kf2 g6 29. Ke3 Ke7 30. Bb2 Bc4 31. a3 f5 32. gxf5 exf5 33. Be5 Ke6 34.
Bf4 Kf6 35. Be2 Bxe2 36. Kxe2 Ke6 37. Kd3 b6 38. Kd4 Kf6 39. Kxd5 g5 40. Bc7 b5
41. Kc6 Ke6 42. Kb6 Kd5 43. Kxa6 Kc4 44. a4 bxa4 45. b5 a3 46. b6 {Black
resigns} 1-0

[Event "Team 45 45 League T78"]
[Site "Internet Chess Club"]
[Date "2018.10.04"]
[Round "3"]
[White "olivermx"]
[Black "rkjulianjr"]
[Result "0-1"]
[WhiteElo "1178"]
[BlackElo "1284"]
[Opening "Ruy Lopez: Berlin defense"]
[ECO "C65"]
[Time "19:01:34"]
[TimeControl "2700+45"]

1. e4 e5 2. Nf3 Nc6 3. Bb5 Nf6 4. d3 Bc5 5. O-O Nd4 6. Nxd4 Bxd4 7. c3 Bb6 8.
Nd2 c6 9. Ba4 O-O 10. Nf3 d6 11. Bc2 Bg4 12. h3 Bxf3 13. Qxf3 a5 14. Be3 a4 15.
a3 Ba7 16. b4 b5 17. Bxa7 Rxa7 18. Qe3 Rd7 19. Bd1 d5 20. exd5 Rxd5 21. Be2 Re8
22. Bf3 Rxd3 23. Qc1 Nd5 24. Bxd5 Qxd5 25. Rd1 Rd8 26. Rxd3 Qxd3 27. Qe1 f6 28.
Rc1 Qd2 29. Kf1 Qd5 30. Qe2 Qd7 31. Ke1 Qd3 32. Rc2 Qd5 33. f3 Qd3 34. Rc1 Kf7
35. Qxd3 Rxd3 36. Ke2 Rd5 37. Rc2 Ke6 38. Rd2 f5 39. Rd3 Rxd3 40. Kxd3 Kd5 41.
Kd2 Kc4 42. Kc2 g5 43. Kd2 Kb3 44. Kc1 Kxc3 {White resigns} 0-1

[Event "Team 45 45 League T78"]
[Site "Internet Chess Club"]
[Date "2018.10.05"]
[Round "3"]
[White "Toalla"]
[Black "howah45"]
[Result "0-1"]
[WhiteElo "1256"]
[BlackElo "1109"]
[Opening "Scandinavian: Pytel-Wade variation"]
[ECO "B01"]
[Time "19:08:59"]
[TimeControl "2700+45"]

1. e4 d5 2. exd5 Qxd5 3. Nc3 Qd6 4. d4 a6 5. Bc4 Nc6 6. Nge2 Nf6 7. h3 b5 8. Bb3
Bb7 9. Bf4 Qd7 10. a3 e6 11. Bh2 Be7 12. Qd2 O-O 13. Rd1 Rad8 14. O-O Rfe8 15.
Rfe1 Na5 16. Ba2 Qc6 17. f3 Nc4 18. Bxc4 Qxc4 19. b3 Qc6 20. b4 Nd7 21. d5 Qb6+
22. Kh1 Nf6 23. Qd4 Nxd5 24. Qxb6 cxb6 25. Nxd5 Rxd5 26. Rxd5 Bxd5 27. Nd4 Bf6
28. Be5 Bxe5 29. Rxe5 Ra8 30. Kg1 g6 31. Kf2 Kg7 32. Re3 Kf6 33. Rc3 e5 34. Nc6
Rc8 35. Rd3 Bxc6 36. Rd6+ Ke7 37. Rd2 Rd8 38. Re2 Kf6 39. Kg3 h5 40. Kh2 g5 41.
Kg3 Kf5 42. h4 Rg8 43. hxg5 Rxg5+ 44. Kf2 h4 45. Rd2 Rg6 46. Rd8 e4 47. Rh8 exf3
48. Rxh4 fxg2 49. Rh5+ Kf6 50. Kg1 Ke7 51. Re5+ Re6 52. Rh5 Re1+ 53. Kf2 g1=Q#
{White checkmated} 0-1